| Goals | Penalties |
1. Boisbriand Armada , Jacob Bernard-Docker 4 (Alexander Holtz 10, Colton Dach 11) at 2:33 (PP)
2. Manchester Monarchs , Alexandre Texier 1 (Angus Crookshank 7, Samuel Johannesson 5) at 12:30
3. Manchester Monarchs , Nikolai Kovalenko 8 (Luca Del Bel Belluz 11) at 19:56
|
Justin Sourdif (MON) for High sticking (Minor) at 1:41 Nathan Legare (ARM) for Slashing (Minor) at 13:29
|
4. Manchester Monarchs , Alexandre Texier 2 (Cole Guttman 5) at 0:06
5. Boisbriand Armada , Jacob Gaucher 6 (Wyatte Wylie 2, Patrick Giles 5) at 13:17
|
Cole Guttman (MON) for Hooking (Minor) at 3:44 Carson Lambos (ARM) for Cross-checking (Minor) at 6:38 Adam Klapka (ARM) for Tripping (Minor) at 13:32 Alexander Holtz (ARM) for Hooking (Minor) at 18:02
|
6. Boisbriand Armada , Adam Klapka 9 (Carson Lambos 12) at 5:02
7. Boisbriand Armada , Dylan Gambrell 3 (Maxence Guenette 7) at 7:04 (PP)
|
Jake Christiansen (MON) for Cross-checking (Minor) at 5:15 Angus Crookshank (MON) for Holding (Minor) at 8:28 Sammy Blais (ARM) for Interference (Minor) at 12:17
|
|
Tristan Lennox (ARM), 30 saves from 33 shots - (0,909), W, 5-7-2, 60:00 minutes
Cooper Black (MON), 20 saves from 24 shots - (0,833), L, 2-4-1, 59:06 minutes
|
|
1 - Alexandre Texier (MON)
2 - Nikolai Kovalenko (MON)
3 - Jacob Gaucher (ARM)
|
Referees : Justin Kea and Jean Hebert
Linesman : Brian Mach and Colin Gates
|
|
6:25 of 3rd period - Boisbriand Armada goal is going for a video replay. After video review, No Goal. The goalkeeper has been pushed into the net together with the puck after making a save.
|
|
Level 1 -- Attendance: 2000 (100,00%) -- Ticket Income $60,000
Level 2 -- Attendance: 927 (92,70%) -- Ticket Income $11,124
Total Attendance: 2927 (97,57%)
Total Ticket Income: $71,124
Other Income: $34,851
Total Income: $105,975
|
| Team Name |
Goals |
Shots |
Shots Attemp |
Shots Blocked |
PIM |
HIT |
PP |
PK |
FO% |
| Boisbriand Armada |
4 | 24 | 50 | 16 | 10 | 21 | 2 / 4 (50%) | 0 | 31% |
| Manchester Monarchs |
3 | 33 | 63 | 8 | 8 | 23 | 0 / 5 (0%) | 2 | 69% |
Boisbriand Armada
Manchester Monarchs
Boisbriand Armada
| 5 vs 5 Forward |
|---|
| Line # | Left Wing | Center | Right Wing | PHY | DF | OF | Wanted % | Time % | Time Play |
| 1 | Colton Dach | Adam Klapka | Alexander Holtz | 0 | 1 | 4 | 35 | 32% | 13:42
|
| 2 | Sammy Blais | Ivan Ivan | Nathan Legare | 0 | 2 | 3 | 35 | 27% | 11:20
|
| 3 | Dylan Gambrell | Hendrix Lapierre | Joshua Roy | 0 | 3 | 2 | 20 | 20% | 8:14
|
| 4 | Matyas Sapovaliv | Jacob Gaucher | Patrick Giles | 1 | 2 | 2 | 10 | 21% | 8:55
|
| 5 vs 5 Defense |
|---|
| Line # | Defense | Defense | | PHY | DF | OF | Wanted % | Time % | Time Play |
| 1 | Jacob Bernard-Docker | Yan Kuznetsov | | 1 | 2 | 2 | 34 | 35% | 14:52
|
| 2 | Maxence Guenette | David Spacek | | 1 | 2 | 2 | 33 | 32% | 13:28
|
| 3 | Carson Lambos | Wyatte Wylie | | 1 | 2 | 2 | 33 | 33% | 13:51
|
| 4 | Jacob Bernard-Docker | Yan Kuznetsov | | 1 | 2 | 2 | 0 | 0% | 0:00
|
| Power Play Forward |
|---|
| Line # | Left Wing | Center | Right Wing | PHY | DF | OF | Wanted % | Time % | Time Play |
| 1 | Colton Dach | Adam Klapka | Alexander Holtz | 1 | 2 | 2 | 60 | 60% | 4:01
|
| 2 | Ivan Ivan | Hendrix Lapierre | Nathan Legare | 1 | 2 | 2 | 40 | 40% | 2:38
|
| Power Play Defense |
|---|
| Line # | Defense | Defense | | PHY | DF | OF | Wanted % | Time % | Time Play |
| 1 | Jacob Bernard-Docker | Yan Kuznetsov | | 1 | 2 | 2 | 60 | 58% | 3:53
|
| 2 | Maxence Guenette | David Spacek | | 1 | 2 | 2 | 40 | 42% | 2:46
|
| Penalty Kill 4 Players Forward |
|---|
| Line # | Center | Wing | PHY | DF | OF | Wanted % | Time % | Time Play |
| 1 | Adam Klapka | Colton Dach | 1 | 2 | 2 | 60 | 75% | 7:25
|
| 2 | Ivan Ivan | Alexander Holtz | 1 | 2 | 2 | 40 | 25% | 2:30
|
| Penalty Kill 4 Players Defense |
|---|
| Line # | Defense | Defense | PHY | DF | OF | Wanted % | Time % | Time Play |
| 1 | Jacob Bernard-Docker | Yan Kuznetsov | 1 | 2 | 2 | 60 | 56% | 5:35
|
| 2 | Maxence Guenette | David Spacek | 1 | 2 | 2 | 40 | 44% | 4:20
|
| Penalty Kill 3 Players |
|---|
| Line # | Wing | PHY | DF | OF | Wanted % | Time % | Time Play | Defense | Defense | PHY | DF | OF | Wanted % | Time % | Time Play |
| 1 | Adam Klapka | 1 | 2 | 2 | 60 | 0% | 0:00
| Jacob Bernard-Docker | Yan Kuznetsov | 1 | 2 | 2 | 60 | 0% | 0:00
|
| 2 | Ivan Ivan | 1 | 2 | 2 | 40 | 0% | 0:00
| Maxence Guenette | David Spacek | 1 | 2 | 2 | 40 | 0% | 0:00
|
| 4 vs 4 Forward |
|---|
| Line # | Center | Wing | PHY | DF | OF | Wanted % | Time % | Time Play |
| 1 | Adam Klapka | Colton Dach | 1 | 2 | 2 | 60 | 0% | 0:00
|
| 2 | Ivan Ivan | Alexander Holtz | 1 | 2 | 2 | 40 | 0% | 0:00
|
| 4 vs 4 Defense |
|---|
| Line # | Defense | | PHY | DF | OF | Wanted % | Time % | Time Play |
| 1 | Jacob Bernard-Docker | Yan Kuznetsov | 1 | 2 | 2 | 60 | 0% | 0:00
|
| 2 | Maxence Guenette | David Spacek | 1 | 2 | 2 | 40 | 0% | 0:00
|
| Last Minutes Offensive |
|---|
| Left Wing | Center | Right Wing | Defense | Defense |
| Colton Dach | Ivan Ivan | Adam Klapka | Jacob Bernard-Docker | Yan Kuznetsov |
| Last Minutes Defensive |
|---|
| Left Wing | Center | Right Wing | Defense | Defense |
| Colton Dach | Ivan Ivan | Adam Klapka | Jacob Bernard-Docker | Yan Kuznetsov |
| Time |
|---|
| Total Forward | Total Defense | Last Minutes Offensive | Last Minutes Defensive |
| 60:00 |
60:00 |
0:00 | 1:15 |
| Extra Forwards |
|---|
| Normal | PowerPlay | Penalty Kill |
|
Hendrix Lapierre, Sammy Blais, Jacob Gaucher | Hendrix Lapierre, Sammy Blais | Hendrix Lapierre |
| Extra Defensemen |
|---|
| Normal | PowerPlay | Penalty Kill |
|
David Spacek, Carson Lambos, Wyatte Wylie | David Spacek, David Spacek | Carson Lambos |
| Penalty Shots |
|---|
|
Adam Klapka, Colton Dach, Ivan Ivan, Alexander Holtz, Hendrix Lapierre |
| Goalie |
|---|
| Tristan Lennox, Erik Portillo |
| Scratches |
|---|
|
Joel Teasdale (Healthy), Gabriel Seger (Healthy), Justin Ertel (Healthy), Julian Lutz (Healthy), Isaac Belliveau (Healthy)
Cam Thiesing (Healthy), Justin Gill (Healthy), Olivier Rodrigue (Healthy) |
Manchester Monarchs
| 5 vs 5 Forward |
|---|
| Line # | Left Wing | Center | Right Wing | PHY | DF | OF | Wanted % | Time % | Time Play |
| 1 | Rory Kerins | Luca Del Bel Belluz | Nikolai Kovalenko | 1 | 1 | 3 | 32 | 27% | 11:34
|
| 2 | Angus Crookshank | Cole Guttman | Alexandre Texier | 1 | 1 | 3 | 31 | 29% | 12:17
|
| 3 | David Gustafsson | Cam Lund | Max Jones | 1 | 2 | 2 | 26 | 28% | 11:52
|
| 4 | Adam Beckman | Matthew Seminoff | Justin Sourdif | 1 | 3 | 1 | 11 | 16% | 6:43
|
| 5 vs 5 Defense |
|---|
| Line # | Defense | Defense | | PHY | DF | OF | Wanted % | Time % | Time Play |
| 1 | Samuel Johannesson | Jake Christiansen | | 0 | 2 | 3 | 39 | 39% | 16:22
|
| 2 | Kirill Kudryavtsev | Frederic Brunet | | 0 | 2 | 3 | 39 | 37% | 15:41
|
| 3 | Charles-Alexis Legault | Daemon Hunt | | 0 | 4 | 1 | 22 | 24% | 10:23
|
| 4 | Samuel Johannesson | Jake Christiansen | | 1 | 2 | 2 | 0 | 0% | 0:00
|
| Power Play Forward |
|---|
| Line # | Left Wing | Center | Right Wing | PHY | DF | OF | Wanted % | Time % | Time Play |
| 1 | Rory Kerins | Luca Del Bel Belluz | Nikolai Kovalenko | 0 | 0 | 5 | 60 | 55% | 5:26
|
| 2 | Angus Crookshank | Cole Guttman | Alexandre Texier | 0 | 0 | 5 | 40 | 45% | 4:29
|
| Power Play Defense |
|---|
| Line # | Defense | Defense | | PHY | DF | OF | Wanted % | Time % | Time Play |
| 1 | Samuel Johannesson | Jake Christiansen | | 0 | 1 | 4 | 60 | 48% | 4:43
|
| 2 | Kirill Kudryavtsev | Frederic Brunet | | 0 | 1 | 4 | 40 | 52% | 5:12
|
| Penalty Kill 4 Players Forward |
|---|
| Line # | Center | Wing | PHY | DF | OF | Wanted % | Time % | Time Play |
| 1 | Rory Kerins | Nikolai Kovalenko | 1 | 4 | 0 | 50 | 48% | 3:12
|
| 2 | Luca Del Bel Belluz | Cole Guttman | 1 | 4 | 0 | 50 | 52% | 3:27
|
| Penalty Kill 4 Players Defense |
|---|
| Line # | Defense | Defense | PHY | DF | OF | Wanted % | Time % | Time Play |
| 1 | Samuel Johannesson | Jake Christiansen | 1 | 4 | 0 | 50 | 52% | 3:27
|
| 2 | Kirill Kudryavtsev | Frederic Brunet | 1 | 4 | 0 | 50 | 48% | 3:12
|
| Penalty Kill 3 Players |
|---|
| Line # | Wing | PHY | DF | OF | Wanted % | Time % | Time Play | Defense | Defense | PHY | DF | OF | Wanted % | Time % | Time Play |
| 1 | Rory Kerins | 0 | 5 | 0 | 50 | 0% | 0:00
| Samuel Johannesson | Jake Christiansen | 1 | 4 | 0 | 50 | 0% | 0:00
|
| 2 | Luca Del Bel Belluz | 0 | 5 | 0 | 50 | 0% | 0:00
| Kirill Kudryavtsev | Frederic Brunet | 1 | 4 | 0 | 50 | 0% | 0:00
|
| 4 vs 4 Forward |
|---|
| Line # | Center | Wing | PHY | DF | OF | Wanted % | Time % | Time Play |
| 1 | Cam Lund | David Gustafsson | 0 | 3 | 2 | 50 | 0% | 0:00
|
| 2 | Matthew Seminoff | Adam Beckman | 0 | 3 | 2 | 50 | 0% | 0:00
|
| 4 vs 4 Defense |
|---|
| Line # | Defense | | PHY | DF | OF | Wanted % | Time % | Time Play |
| 1 | Charles-Alexis Legault | Daemon Hunt | 0 | 4 | 1 | 50 | 0% | 0:00
|
| 2 | Frederic Brunet | Kirill Kudryavtsev | 0 | 4 | 1 | 50 | 0% | 0:00
|
| Last Minutes Offensive |
|---|
| Left Wing | Center | Right Wing | Defense | Defense |
| Rory Kerins | Luca Del Bel Belluz | Nikolai Kovalenko | Samuel Johannesson | Jake Christiansen |
| Last Minutes Defensive |
|---|
| Left Wing | Center | Right Wing | Defense | Defense |
| Rory Kerins | Luca Del Bel Belluz | Nikolai Kovalenko | Samuel Johannesson | Jake Christiansen |
| Time |
|---|
| Total Forward | Total Defense | Last Minutes Offensive | Last Minutes Defensive |
| 60:00 |
60:00 |
1:00 | 0:00 |
| Extra Forwards |
|---|
| Normal | PowerPlay | Penalty Kill |
|
Nikolai Kovalenko, Cole Guttman, Angus Crookshank | Nikolai Kovalenko, Cole Guttman | Nikolai Kovalenko |
| Extra Defensemen |
|---|
| Normal | PowerPlay | Penalty Kill |
|
Kirill Kudryavtsev, Samuel Johannesson, Daemon Hunt | Kirill Kudryavtsev, Kirill Kudryavtsev | Samuel Johannesson |
| Penalty Shots |
|---|
|
Alexandre Texier, Justin Sourdif, Rory Kerins, Luca Del Bel Belluz, Nikolai Kovalenko |
| Goalie |
|---|
| Cooper Black, Matthew Murray |
| Scratches |
|---|
|
Cole Reinhardt (Healthy), Mason Millman (Healthy), Elliot Desnoyers (Healthy), Filip Mesar (Healthy), Mathias Emilio Pettersen (Healthy)
Jakub Skarek (Healthy), Magnus Chrona (Healthy), Clay Stevenson (Healthy) |
Play-by-Play
1st period
0:01 of 1st period - Luca Del Bel Belluz wins face-off versus Adam Klapka in neutral zone.
0:06 of 1st period - Slapshot by Luca Del Bel Belluz.
0:06 of 1st period - Shot Misses the Net.
0:26 of 1st period - Nathan Legare is hit by Alexandre Texier and loses puck.
0:30 of 1st period - Icing by Sammy Blais.
0:31 of 1st period - Ivan Ivan wins face-off versus Cole Guttman in Boisbriand Armada zone.
0:36 of 1st period - Cole Guttman is hit by Sammy Blais and loses puck.
0:57 of 1st period - Wrist shot by Cole Guttman.
0:57 of 1st period - Stopped by Tristan Lennox with a rebound.
1:03 of 1st period - Slapshot by Sammy Blais.
1:03 of 1st period - Stopped by Cooper Black with a rebound.
1:05 of 1st period - Slapshot by David Spacek.
1:05 of 1st period - Deflect By Ivan Ivan.
1:05 of 1st period - Shot Misses the Net.
1:05 of 1st period - Puck is out of play.
1:06 of 1st period - Hendrix Lapierre wins face-off versus Cam Lund in Manchester Monarchs zone.
1:41 of 1st period - Minor Penalty to Justin Sourdif for High sticking.
1:42 of 1st period - Colton Dach wins face-off versus Nikolai Kovalenko in Manchester Monarchs zone.
1:42 of 1st period - Slapshot by Adam Klapka.
1:42 of 1st period - Stopped by Cooper Black with a rebound.
1:54 of 1st period - Wrist shot by Luca Del Bel Belluz.
1:54 of 1st period - Stopped by Tristan Lennox with a rebound.
1:56 of 1st period - Snap shot by Luca Del Bel Belluz.
1:56 of 1st period - Shot Blocked by Yan Kuznetsov.
1:58 of 1st period - Wrist shot by Luca Del Bel Belluz.
1:58 of 1st period - Shot Blocked by Jacob Bernard-Docker.
2:31 of 1st period - Snap shot by Alexander Holtz.
2:31 of 1st period - Shot Misses the Net.
2:33 of 1st period - Slapshot by Jacob Bernard-Docker.
2:33 of 1st period - Goal by Jacob Bernard-Docker - Boisbriand Armada : 1 - Manchester Monarchs : 0.
2:34 of 1st period - Luca Del Bel Belluz wins face-off versus Jacob Gaucher in neutral zone.
3:18 of 1st period - Wrist shot by Jacob Gaucher.
3:18 of 1st period - Deflect By Patrick Giles.
3:18 of 1st period - Stopped by Cooper Black without a rebound.
3:19 of 1st period - Cam Lund wins face-off versus Adam Klapka in Manchester Monarchs zone.
3:32 of 1st period - Snap shot by Cam Lund.
3:32 of 1st period - Stopped by Tristan Lennox without a rebound.
3:33 of 1st period - Luca Del Bel Belluz wins face-off versus Sammy Blais in Boisbriand Armada zone.
4:32 of 1st period - Wrist shot by David Gustafsson.
4:32 of 1st period - Stopped by Tristan Lennox without a rebound.
4:33 of 1st period - Ivan Ivan wins face-off versus Luca Del Bel Belluz in Boisbriand Armada zone.
4:44 of 1st period - Slapshot by Ivan Ivan.
4:44 of 1st period - Stopped by Cooper Black without a rebound.
4:45 of 1st period - Adam Klapka wins face-off versus Cole Guttman in Manchester Monarchs zone.
4:54 of 1st period - Snap shot by Alexander Holtz.
4:54 of 1st period - Stopped by Cooper Black with a rebound.
4:56 of 1st period - Snap shot by Carson Lambos.
4:56 of 1st period - Stopped by Cooper Black with a rebound.
4:58 of 1st period - Snap shot by Colton Dach.
4:58 of 1st period - Shot Misses the Net.
5:00 of 1st period - Snap shot by Colton Dach.
5:00 of 1st period - Shot Blocked by Jake Christiansen.
5:36 of 1st period - Jake Christiansen is hit by Jacob Bernard-Docker and loses puck.
6:11 of 1st period - Justin Sourdif is hit by Adam Klapka and loses puck.
6:54 of 1st period - Wrist shot by Joshua Roy.
6:54 of 1st period - Shot Misses the Net.
6:56 of 1st period - Snap shot by Dylan Gambrell.
6:56 of 1st period - Shot Blocked by Charles-Alexis Legault.
7:43 of 1st period - Snap shot by Justin Sourdif.
7:43 of 1st period - Shot Misses the Net.
8:52 of 1st period - Cole Guttman is hit by Matyas Sapovaliv and loses puck.
9:12 of 1st period - David Gustafsson is hit by Ivan Ivan and loses puck.
9:39 of 1st period - Dylan Gambrell is hit by Jake Christiansen and loses puck.
9:50 of 1st period - Kirill Kudryavtsev is hit by Adam Klapka.
9:54 of 1st period - Colton Dach is hit by Daemon Hunt and loses puck.
10:21 of 1st period - Wyatte Wylie is hit by Alexandre Texier and loses puck.
10:36 of 1st period - Snap shot by Cam Lund.
10:36 of 1st period - Stopped by Tristan Lennox without a rebound.
10:37 of 1st period - Luca Del Bel Belluz wins face-off versus Ivan Ivan in Boisbriand Armada zone.
10:42 of 1st period - Snap shot by Nikolai Kovalenko.
10:42 of 1st period - Shot Misses the Net.
10:46 of 1st period - Snap shot by Rory Kerins.
10:46 of 1st period - Shot Blocked by Maxence Guenette.
10:48 of 1st period - Wrist shot by Kirill Kudryavtsev.
10:48 of 1st period - Deflect By Rory Kerins.
10:48 of 1st period - Stopped by Tristan Lennox with a rebound.
10:52 of 1st period - Slapshot by Nikolai Kovalenko.
10:52 of 1st period - Stopped by Tristan Lennox without a rebound.
10:53 of 1st period - Cam Lund wins face-off versus Adam Klapka in Boisbriand Armada zone.
11:00 of 1st period - Wrist shot by David Gustafsson.
11:00 of 1st period - Shot Blocked by Maxence Guenette.
11:08 of 1st period - Wrist shot by Cam Lund.
11:08 of 1st period - Shot Misses the Net.
11:20 of 1st period - Wrist shot by Nikolai Kovalenko.
11:20 of 1st period - Stopped by Tristan Lennox without a rebound.
11:21 of 1st period - Luca Del Bel Belluz wins face-off versus Ivan Ivan in Boisbriand Armada zone.
11:34 of 1st period - Nikolai Kovalenko is hit by Carson Lambos and loses puck.
12:14 of 1st period - Slapshot by Luca Del Bel Belluz.
12:14 of 1st period - Shot Blocked by Yan Kuznetsov.
12:20 of 1st period - Slapshot by Nikolai Kovalenko.
12:20 of 1st period - Stopped by Tristan Lennox without a rebound.
12:21 of 1st period - Cole Guttman wins face-off versus Adam Klapka in Boisbriand Armada zone.
12:22 of 1st period - Backhand shot by Alexandre Texier.
12:22 of 1st period - Shot Misses the Net.
12:24 of 1st period - Slapshot by Samuel Johannesson.
12:24 of 1st period - Stopped by Tristan Lennox with a rebound.
12:26 of 1st period - Snap shot by Angus Crookshank.
12:26 of 1st period - Shot Misses the Net.
12:30 of 1st period - Snap shot by Alexandre Texier.
12:30 of 1st period - Goal by Alexandre Texier - Boisbriand Armada : 1 - Manchester Monarchs : 1.
12:31 of 1st period - Adam Klapka wins face-off versus Cole Guttman in neutral zone.
12:44 of 1st period - Snap shot by Colton Dach.
12:44 of 1st period - Stopped by Cooper Black with a rebound.
12:58 of 1st period - Joshua Roy is hit by Max Jones and loses puck.
13:29 of 1st period - Minor Penalty to Nathan Legare for Slashing.
13:30 of 1st period - Adam Klapka wins face-off versus Luca Del Bel Belluz in Boisbriand Armada zone.
14:47 of 1st period - Jacob Bernard-Docker is hit by Rory Kerins and loses puck.
15:29 of 1st period - Penalty to Nathan Legare is over, Nathan Legare is back on ice.
15:41 of 1st period - Slapshot by Ivan Ivan.
15:41 of 1st period - Deflect By Jacob Gaucher.
15:41 of 1st period - Shot Misses the Net.
15:41 of 1st period - Puck is out of play.
15:42 of 1st period - Cam Lund wins face-off versus Jacob Gaucher in Manchester Monarchs zone.
16:29 of 1st period - Nathan Legare is hit by Matthew Seminoff and loses puck.
18:27 of 1st period - Angus Crookshank is hit by Joshua Roy and loses puck.
18:52 of 1st period - Snap shot by Sammy Blais.
18:52 of 1st period - Stopped by Cooper Black with a rebound.
18:56 of 1st period - Slapshot by Sammy Blais.
18:56 of 1st period - Stopped by Cooper Black with a rebound.
19:14 of 1st period - Snap shot by David Gustafsson.
19:14 of 1st period - Shot Misses the Net.
19:16 of 1st period - Snap shot by David Gustafsson.
19:16 of 1st period - Stopped by Tristan Lennox with a rebound.
19:18 of 1st period - Snap shot by Kirill Kudryavtsev.
19:18 of 1st period - Shot Blocked by Jacob Gaucher.
19:50 of 1st period - Wrist shot by Hendrix Lapierre.
19:50 of 1st period - Deflect By Joshua Roy.
19:50 of 1st period - Stopped by Cooper Black without a rebound.
19:51 of 1st period - Luca Del Bel Belluz wins face-off versus Hendrix Lapierre in Manchester Monarchs zone.
19:56 of 1st period - Snap shot by Nikolai Kovalenko.
19:56 of 1st period - Goal by Nikolai Kovalenko - Boisbriand Armada : 1 - Manchester Monarchs : 2.
19:57 of 1st period - Cole Guttman wins face-off versus Adam Klapka in neutral zone.
Goals for this period are 1 for Boisbriand Armada vs 2 for Manchester Monarchs.
Shots for this period are 11 for Boisbriand Armada vs 13 for Manchester Monarchs.
2nd period
0:01 of 2nd period - Cole Guttman wins face-off versus Adam Klapka in neutral zone.
0:06 of 2nd period - Wrist shot by Alexandre Texier.
0:06 of 2nd period - Goal by Alexandre Texier - Boisbriand Armada : 1 - Manchester Monarchs : 3.
0:07 of 2nd period - Cole Guttman wins face-off versus Adam Klapka in neutral zone.
0:13 of 2nd period - Off-side.
0:14 of 2nd period - Adam Klapka wins face-off versus Cole Guttman in neutral zone.
0:19 of 2nd period - Snap shot by Alexander Holtz.
0:19 of 2nd period - Shot Blocked by Jake Christiansen.
0:33 of 2nd period - Yan Kuznetsov is hit by Angus Crookshank and loses puck.
0:42 of 2nd period - Snap shot by Alexandre Texier.
0:42 of 2nd period - Stopped by Tristan Lennox without a rebound.
0:43 of 2nd period - Cam Lund wins face-off versus Ivan Ivan in Boisbriand Armada zone.
0:57 of 2nd period - Off-side.
0:58 of 2nd period - Luca Del Bel Belluz wins face-off versus Adam Klapka in neutral zone.
1:01 of 2nd period - Wyatte Wylie is hit by Nikolai Kovalenko and loses puck.
1:25 of 2nd period - Ivan Ivan is hit by Angus Crookshank and loses puck.
2:13 of 2nd period - Wrist shot by Jacob Bernard-Docker.
2:13 of 2nd period - Shot Blocked by Daemon Hunt.
2:15 of 2nd period - Slapshot by Matyas Sapovaliv.
2:15 of 2nd period - Shot Misses the Net.
2:17 of 2nd period - Slapshot by Jacob Bernard-Docker.
2:17 of 2nd period - Deflect By Patrick Giles.
2:17 of 2nd period - Stopped by Cooper Black with a rebound.
2:19 of 2nd period - Slapshot by Yan Kuznetsov.
2:19 of 2nd period - Shot Blocked by Matthew Seminoff.
2:48 of 2nd period - Nikolai Kovalenko is hit by Sammy Blais and loses puck.
3:21 of 2nd period - Wrist shot by Joshua Roy.
3:21 of 2nd period - Stopped by Cooper Black with a rebound.
3:31 of 2nd period - Alexandre Texier is hit by Alexander Holtz and loses puck.
3:44 of 2nd period - Minor Penalty to Cole Guttman for Hooking.
3:45 of 2nd period - Rory Kerins wins face-off versus Adam Klapka in Manchester Monarchs zone.
3:57 of 2nd period - Wrist shot by Alexander Holtz.
3:57 of 2nd period - Shot Misses the Net.
5:44 of 2nd period - Penalty to Cole Guttman is over, Cole Guttman is back on ice.
5:46 of 2nd period - Samuel Johannesson is hit by Sammy Blais and loses puck.
6:38 of 2nd period - Minor Penalty to Carson Lambos for Cross-checking.
6:39 of 2nd period - Adam Klapka wins face-off versus Luca Del Bel Belluz in Boisbriand Armada zone.
6:45 of 2nd period - Backhand shot by Colton Dach.
6:45 of 2nd period - Stopped by Cooper Black with a rebound.
6:51 of 2nd period - Slapshot by Adam Klapka.
6:51 of 2nd period - Deflect By Colton Dach.
6:51 of 2nd period - Stopped by Cooper Black with a rebound.
8:08 of 2nd period - Frederic Brunet is hit by Alexander Holtz and loses puck.
8:33 of 2nd period - Kirill Kudryavtsev is hit by Maxence Guenette and loses puck.
8:38 of 2nd period - Penalty to Carson Lambos is over, Carson Lambos is back on ice.
9:14 of 2nd period - Slapshot by David Spacek.
9:14 of 2nd period - Deflect By Hendrix Lapierre.
9:14 of 2nd period - Stopped by Cooper Black with a rebound.
9:16 of 2nd period - Snap shot by Hendrix Lapierre.
9:16 of 2nd period - Deflect By Dylan Gambrell.
9:16 of 2nd period - Shot Misses the Net.
9:16 of 2nd period - Puck is out of play.
9:17 of 2nd period - Cam Lund wins face-off versus Ivan Ivan in Manchester Monarchs zone.
9:20 of 2nd period - Wrist shot by Ivan Ivan.
9:20 of 2nd period - Shot Blocked by Samuel Johannesson.
9:26 of 2nd period - Carson Lambos is hit by Jake Christiansen.
9:36 of 2nd period - Ivan Ivan is hit by Justin Sourdif and loses puck.
9:55 of 2nd period - Daemon Hunt is hit by Wyatte Wylie and loses puck.
10:10 of 2nd period - Snap shot by Hendrix Lapierre.
10:10 of 2nd period - Shot Misses the Net.
10:16 of 2nd period - Snap shot by David Gustafsson.
10:16 of 2nd period - Shot Misses the Net.
10:48 of 2nd period - Slapshot by Adam Beckman.
10:48 of 2nd period - Shot Misses the Net.
10:50 of 2nd period - Slapshot by Samuel Johannesson.
10:50 of 2nd period - Shot Misses the Net.
11:00 of 2nd period - Yan Kuznetsov is hit by Nikolai Kovalenko and loses puck.
11:22 of 2nd period - Samuel Johannesson is hit by Sammy Blais and loses puck.
12:05 of 2nd period - David Spacek is hit by Kirill Kudryavtsev and loses puck.
12:25 of 2nd period - Matyas Sapovaliv is hit by Jake Christiansen.
12:51 of 2nd period - Wrist shot by Cam Lund.
12:51 of 2nd period - Shot Blocked by Patrick Giles.
13:02 of 2nd period - Patrick Giles is hit by Max Jones and loses puck.
13:13 of 2nd period - Snap shot by Jacob Gaucher.
13:13 of 2nd period - Shot Misses the Net.
13:15 of 2nd period - Slapshot by Wyatte Wylie.
13:15 of 2nd period - Shot Misses the Net.
13:17 of 2nd period - Wrist shot by Jacob Gaucher.
13:17 of 2nd period - Goal by Jacob Gaucher - Boisbriand Armada : 2 - Manchester Monarchs : 3.
13:18 of 2nd period - Cole Guttman wins face-off versus Adam Klapka in neutral zone.
13:21 of 2nd period - Snap shot by Alexandre Texier.
13:21 of 2nd period - Stopped by Tristan Lennox without a rebound.
13:22 of 2nd period - Cole Guttman wins face-off versus Adam Klapka in Boisbriand Armada zone.
13:32 of 2nd period - Minor Penalty to Adam Klapka for Tripping.
13:33 of 2nd period - Luca Del Bel Belluz wins face-off versus Hendrix Lapierre in Boisbriand Armada zone.
14:21 of 2nd period - Nikolai Kovalenko is hit by David Spacek and loses puck.
14:54 of 2nd period - Maxence Guenette is hit by Angus Crookshank and loses puck.
15:32 of 2nd period - Penalty to Adam Klapka is over, Adam Klapka is back on ice.
15:39 of 2nd period - Joshua Roy is hit by Frederic Brunet.
16:01 of 2nd period - Kirill Kudryavtsev is hit by Carson Lambos.
16:45 of 2nd period - Snap shot by Joshua Roy.
16:45 of 2nd period - Shot Misses the Net.
16:47 of 2nd period - Slapshot by Maxence Guenette.
16:47 of 2nd period - Shot Misses the Net.
17:40 of 2nd period - Snap shot by Patrick Giles.
17:40 of 2nd period - Shot Misses the Net.
18:02 of 2nd period - Minor Penalty to Alexander Holtz for Hooking.
18:03 of 2nd period - Adam Klapka wins face-off versus Luca Del Bel Belluz in Boisbriand Armada zone.
Goals for this period are 1 for Boisbriand Armada vs 1 for Manchester Monarchs.
Shots for this period are 6 for Boisbriand Armada vs 3 for Manchester Monarchs.
3rd period
0:01 of 3rd period - Luca Del Bel Belluz wins face-off versus Adam Klapka in neutral zone.
0:02 of 3rd period - Penalty to Alexander Holtz is over, Alexander Holtz is back on ice.
0:08 of 3rd period - Slapshot by Nikolai Kovalenko.
0:08 of 3rd period - Stopped by Tristan Lennox without a rebound.
0:09 of 3rd period - Luca Del Bel Belluz wins face-off versus Adam Klapka in Boisbriand Armada zone.
0:15 of 3rd period - Slapshot by Luca Del Bel Belluz.
0:15 of 3rd period - Stopped by Tristan Lennox with a rebound.
0:17 of 3rd period - Wrist shot by Samuel Johannesson.
0:17 of 3rd period - Shot Blocked by Jacob Bernard-Docker.
0:19 of 3rd period - Wrist shot by Nikolai Kovalenko.
0:19 of 3rd period - Shot Misses the Net.
0:23 of 3rd period - Snap shot by Luca Del Bel Belluz.
0:23 of 3rd period - Shot Blocked by Yan Kuznetsov.
0:25 of 3rd period - Slapshot by Rory Kerins.
0:25 of 3rd period - Stopped by Tristan Lennox with a rebound.
0:27 of 3rd period - Wrist shot by Nikolai Kovalenko.
0:27 of 3rd period - Shot Blocked by Adam Klapka.
0:29 of 3rd period - Wrist shot by Luca Del Bel Belluz.
0:29 of 3rd period - Stopped by Tristan Lennox with a rebound.
0:31 of 3rd period - Snap shot by Nikolai Kovalenko.
0:31 of 3rd period - Stopped by Tristan Lennox with a rebound.
0:33 of 3rd period - Slapshot by Samuel Johannesson.
0:33 of 3rd period - Stopped by Tristan Lennox with a rebound.
0:35 of 3rd period - Snap shot by Samuel Johannesson.
0:35 of 3rd period - Shot Misses the Net.
0:37 of 3rd period - Snap shot by Rory Kerins.
0:37 of 3rd period - Deflect By Nikolai Kovalenko.
0:37 of 3rd period - Shot Misses the Net.
0:37 of 3rd period - Puck is out of play.
0:38 of 3rd period - Cole Guttman wins face-off versus Ivan Ivan in Boisbriand Armada zone.
0:53 of 3rd period - Snap shot by Ivan Ivan.
0:53 of 3rd period - Shot Blocked by Frederic Brunet.
1:28 of 3rd period - Snap shot by Nikolai Kovalenko.
1:28 of 3rd period - Shot Misses the Net.
1:30 of 3rd period - Snap shot by Luca Del Bel Belluz.
1:30 of 3rd period - Shot Blocked by Yan Kuznetsov.
1:32 of 3rd period - Snap shot by Frederic Brunet.
1:32 of 3rd period - Deflect By Yan Kuznetsov.
1:32 of 3rd period - Stopped by Tristan Lennox without a rebound.
1:33 of 3rd period - Cole Guttman wins face-off versus Ivan Ivan in Boisbriand Armada zone.
2:57 of 3rd period - Wrist shot by Alexander Holtz.
2:57 of 3rd period - Shot Misses the Net.
2:59 of 3rd period - Snap shot by Wyatte Wylie.
2:59 of 3rd period - Stopped by Cooper Black without a rebound.
3:00 of 3rd period - Cole Guttman wins face-off versus Adam Klapka in Manchester Monarchs zone.
3:05 of 3rd period - Wrist shot by Alexander Holtz.
3:05 of 3rd period - Shot Blocked by Kirill Kudryavtsev.
3:45 of 3rd period - Snap shot by Colton Dach.
3:45 of 3rd period - Stopped by Cooper Black with a rebound.
4:09 of 3rd period - Alexandre Texier is hit by Wyatte Wylie and loses puck.
4:30 of 3rd period - Wrist shot by Alexander Holtz.
4:30 of 3rd period - Shot Misses the Net.
5:02 of 3rd period - Slapshot by Adam Klapka.
5:02 of 3rd period - Goal by Adam Klapka - Boisbriand Armada : 3 - Manchester Monarchs : 3.
5:03 of 3rd period - Rory Kerins wins face-off versus Ivan Ivan in neutral zone.
5:15 of 3rd period - Minor Penalty to Jake Christiansen for Cross-checking.
5:16 of 3rd period - Hendrix Lapierre wins face-off versus Rory Kerins in Manchester Monarchs zone.
5:16 of 3rd period - Wrist shot by Ivan Ivan.
5:16 of 3rd period - Stopped by Cooper Black without a rebound.
5:17 of 3rd period - Hendrix Lapierre wins face-off versus Rory Kerins in Manchester Monarchs zone.
6:23 of 3rd period - Snap shot by Dylan Gambrell.
6:23 of 3rd period - Shot Misses the Net.
6:25 of 3rd period - Slapshot by Jacob Bernard-Docker.
6:25 of 3rd period - Boisbriand Armada goal is going for a video replay.
6:25 of 3rd period - The goal is refused. The goalkeeper has been pushed into the net together with the puck after making a save..
6:26 of 3rd period - Dylan Gambrell wins face-off versus Rory Kerins in Manchester Monarchs zone.
6:47 of 3rd period - Kirill Kudryavtsev is hit by Jacob Bernard-Docker and loses puck.
7:04 of 3rd period - Snap shot by Dylan Gambrell.
7:04 of 3rd period - Goal by Dylan Gambrell - Boisbriand Armada : 4 - Manchester Monarchs : 3.
7:05 of 3rd period - Cam Lund wins face-off versus Adam Klapka in neutral zone.
7:34 of 3rd period - Off-side.
7:35 of 3rd period - Ivan Ivan wins face-off versus Luca Del Bel Belluz in neutral zone.
8:04 of 3rd period - Snap shot by Luca Del Bel Belluz.
8:04 of 3rd period - Stopped by Tristan Lennox without a rebound.
8:05 of 3rd period - Cole Guttman wins face-off versus Adam Klapka in Boisbriand Armada zone.
8:06 of 3rd period - Wrist shot by Alexandre Texier.
8:06 of 3rd period - Stopped by Tristan Lennox without a rebound.
8:07 of 3rd period - Cole Guttman wins face-off versus Adam Klapka in Boisbriand Armada zone.
8:28 of 3rd period - Minor Penalty to Angus Crookshank for Holding.
8:29 of 3rd period - Rory Kerins wins face-off versus Adam Klapka in Manchester Monarchs zone.
8:29 of 3rd period - Rory Kerins is hit by Colton Dach.
10:28 of 3rd period - Penalty to Angus Crookshank is over, Angus Crookshank is back on ice.
10:28 of 3rd period - Jacob Bernard-Docker is hit by Angus Crookshank and loses puck.
10:41 of 3rd period - Yan Kuznetsov is hit by Charles-Alexis Legault and loses puck.
11:09 of 3rd period - Snap shot by Adam Beckman.
11:09 of 3rd period - Stopped by Tristan Lennox with a rebound.
11:46 of 3rd period - Alexander Holtz is hit by Max Jones and loses puck.
12:01 of 3rd period - Maxence Guenette is hit by Nikolai Kovalenko and loses puck.
12:17 of 3rd period - Minor Penalty to Sammy Blais for Interference.
12:18 of 3rd period - Luca Del Bel Belluz wins face-off versus Adam Klapka in Boisbriand Armada zone.
14:17 of 3rd period - Penalty to Sammy Blais is over, Sammy Blais is back on ice.
14:34 of 3rd period - Snap shot by Sammy Blais.
14:34 of 3rd period - Stopped by Cooper Black with a rebound.
14:58 of 3rd period - Snap shot by Justin Sourdif.
14:58 of 3rd period - Stopped by Tristan Lennox without a rebound.
14:59 of 3rd period - Cam Lund wins face-off versus Ivan Ivan in Boisbriand Armada zone.
15:06 of 3rd period - Snap shot by Cam Lund.
15:06 of 3rd period - Stopped by Tristan Lennox with a rebound.
15:08 of 3rd period - Wrist shot by Cam Lund.
15:08 of 3rd period - Deflect By Max Jones.
15:08 of 3rd period - Shot Blocked by Maxence Guenette.
15:08 of 3rd period - Puck is out of play.
15:09 of 3rd period - Ivan Ivan wins face-off versus Cam Lund in Boisbriand Armada zone.
15:09 of 3rd period - Ivan Ivan is hit by Charles-Alexis Legault.
15:29 of 3rd period - Wrist shot by Cam Lund.
15:29 of 3rd period - Shot Blocked by Ivan Ivan.
15:31 of 3rd period - Slapshot by Charles-Alexis Legault.
15:31 of 3rd period - Stopped by Tristan Lennox with a rebound.
15:33 of 3rd period - Snap shot by David Gustafsson.
15:33 of 3rd period - Stopped by Tristan Lennox with a rebound.
15:35 of 3rd period - Snap shot by Max Jones.
15:35 of 3rd period - Stopped by Tristan Lennox without a rebound.
15:36 of 3rd period - Luca Del Bel Belluz wins face-off versus Hendrix Lapierre in Boisbriand Armada zone.
15:45 of 3rd period - Snap shot by Luca Del Bel Belluz.
15:45 of 3rd period - Shot Blocked by Dylan Gambrell.
15:51 of 3rd period - Wrist shot by Dylan Gambrell.
15:51 of 3rd period - Shot Misses the Net.
16:01 of 3rd period - Frederic Brunet is hit by Wyatte Wylie and loses puck.
18:56 of 3rd period - Wrist shot by Alexandre Texier.
18:56 of 3rd period - Shot Blocked by Maxence Guenette.
19:06 of 3rd period - Manchester Monarchs, Cooper Black is pulled from the net.
19:08 of 3rd period - Snap shot by Nikolai Kovalenko.
19:08 of 3rd period - Stopped by Tristan Lennox with a rebound.
19:14 of 3rd period - Wrist shot by Nikolai Kovalenko.
19:14 of 3rd period - Shot Blocked by Maxence Guenette.
19:26 of 3rd period - Snap shot by Luca Del Bel Belluz.
19:26 of 3rd period - Deflect By Rory Kerins.
19:26 of 3rd period - Deflect By Sammy Blais.
19:26 of 3rd period - Stopped by Tristan Lennox with a rebound.
Goals for this period are 2 for Boisbriand Armada vs 0 for Manchester Monarchs.
Shots for this period are 7 for Boisbriand Armada vs 17 for Manchester Monarchs.